Map: Site Delta LE

Players

gemStoneGeno - Winner!

  • Race: Terran Terran
  • League: Platinum
  • Spawn Location: 11:00

Kris

  • Race: Zerg Zerg
  • League: Platinum
  • Spawn Location: 5:00

VOD

Have the link to the VOD?

Description

Time

  • Played on: Jan. 4, 2024, 8:46 p.m.
  • Length: 22:55
Show
View Real Time Build Order
Export as new Build Order

gemStoneGeno Terran - Winner!

Build Orders:  

Get SALT Encoding   

  12  0:00  SCV  
  13  0:12  SCV  
  14  0:24  SCV  
  14  0:27  Supply Depot  
  15  0:58  Barracks  
  15  1:11  Barracks  
  15  1:20  SCV  
  15  1:22  Command Center  
  16  1:28  Refinery  
  16  1:33  SCV  
  17  1:40  Refinery  
  17  1:45  SCV  
  18  1:49  Marine  
  19  1:57  SCV  
  19  2:00  Marine  
  21  2:07  Marine  
  22  2:46  Barracks Tech Lab  
  22  2:53  Barracks Reactor  
  22  2:55  Supply Depot  
  22  2:56  SCV  
  22  2:57  SCV  
  24  3:08  Engineering Bay  
  24  3:09  Marine  
  24  3:11  Combat Shield  
  25  3:15  Orbital Command x2  
  25  3:26  Factory  
  23  3:42  Refinery  
  23  3:51  Sensor Tower  
  23  3:52  SCV x2  
  25  4:03  Marine x2  
  25  4:04  SCV, Marauder  
  25  4:05  SCV  
  31  4:14  Starport  
  31  4:16  Widow Mine  
  33  4:19  SCV  
  33  4:21  SCV  
  35  4:31  Bunker  
  35  4:36  Marine x2  
  35  4:37  Marauder  
  35  4:38  SCV x2  
  41  4:51  Factory Tech Lab  
  41  4:52  SCV  
  42  4:54  Liberator  
  42  4:57  Fusion Core, SCV  
  46  5:07  Supply Depot  
  46  5:18  Supply Depot  
  46  5:22  Refinery  
  46  5:28  SCV x2  
  46  5:30  Supply Depot  
  48  5:45  Weapon Refit  
  48  5:49  Starport Tech Lab, Starport  
  48  5:55  Starport  
  48  6:03  SCV x2  
  50  6:04  Command Center  
  50  6:15  SCV x2  
  52  6:27  SCV x2  
  54  6:34  Supply Depot  
  54  6:36  Starport Tech Lab, Battlecruiser  
  54  6:37  Starport Tech Lab  
  54  6:39  SCV x2  
  62  6:43  Supply Depot  
  62  6:47  Supply Depot  
  63  7:01  SCV x2  
  63  7:04  Battlecruiser  
  63  7:07  Supply Depot  
  70  7:25  SCV x2  
  72  7:31  Supply Depot  
  72  7:32  Battlecruiser  
  72  7:36  Armory  
  78  7:37  SCV x2  
  80  7:49  SCV x2, Refinery  
  82  7:56  Planetary Fortress  
  82  8:02  Marine x2  
  82  8:03  Marine  
  85  8:14  Battlecruiser  
  85  8:17  SCV x2  
  93  8:20  Marine x2  
  93  8:26  Refinery  
  95  8:29  SCV x2  
  97  8:41  SCV  
  98  8:49  Battlecruiser  
  104  9:22  Missile Turret x4  
  104  9:25  Missile Turret x2  
  104  9:26  Missile Turret  
  104  9:28  Missile Turret  
  104  9:29  Missile Turret  
  104  9:30  Marine x2  
  104  9:31  Missile Turret, Marine  
  107  9:32  Battlecruiser  
  107  9:33  Missile Turret  
  107  9:34  Battlecruiser, Missile Turret  
  107  9:35  Missile Turret  
  107  9:37  Missile Turret  
  119  9:45  Sensor Tower  
  119  9:48  Marine  
  119  9:50  SCV  
  119  9:51  SCV  
  119  10:09  SCV x2  
  121  10:17  SCV  
  122  10:21  SCV x2  
  124  10:29  SCV  
  125  10:38  Supply Depot  
  125  10:40  Supply Depot  
  125  10:42  Terran Ship Weapons Level 1  
  125  10:46  Armory  
  125  10:50  Starport  
  125  10:52  Starport  
  125  10:59  SCV x2  
  125  11:00  Battlecruiser, Supply Depot  
  125  11:04  Supply Depot, SCV  
  134  11:12  SCV  
  134  11:16  Battlecruiser  
  141  11:22  Battlecruiser  
  141  11:24  Supply Depot  
  147  11:27  Supply Depot  
  147  11:40  SCV x2  
  147  11:41  Supply Depot  
  147  11:42  Missile Turret x2  
  149  11:50  Engineering Bay  
  149  11:54  Supply Depot  
  149  11:57  Starport Reactor x2, Sensor Tower  
  149  12:02  Terran Vehicle And Ship Armor Level 1  
  149  12:03  Supply Depot  
  149  12:07  Starport  
  150  12:08  SCV x2  
  150  12:11  Starport  
  150  12:14  Battlecruiser  
  157  12:17  Supply Depot  
  157  12:21  Command Center  
  157  12:26  Supply Depot  
  157  12:28  Marine  
  157  12:29  Marine x2  
  160  12:31  Battlecruiser x2  
  160  12:35  Terran Infantry Weapons Level 1  
  172  12:46  Marine, Widow Mine  
  174  13:07  Widow Mine  
  174  13:09  Viking  
  174  13:10  Viking x3  
  178  13:13  Marine x3  
  136  13:40  Battlecruiser x2  
  139  14:18  Viking x3  
  139  14:19  Viking  
  147  14:44  Battlecruiser  
  153  14:53  Battlecruiser x2  
  153  14:54  Viking x2  
  153  14:58  Marine x2  
  153  14:59  Marine  
  172  15:14  Refinery  
  172  15:15  Viking x2  
  172  15:16  Terran Ship Weapons Level 2, Marine x3, Refinery  
  179  15:29  Command Center  
  179  15:34  Marine x3  
  179  15:35  Viking x2, Command Center x2  
  186  15:42  Siege Tank  
  189  15:45  Viking x2  
  193  15:56  Sensor Tower  
  193  16:05  Viking x3  
  193  16:09  Sensor Tower  
  199  16:16  Planetary Fortress  
  199  16:26  Marine  
  200  16:40  Planetary Fortress  
  200  16:44  Neosteel Armor, Refinery  
  200  16:47  Refinery  
  200  17:06  Command Center  
  140  17:59  Battlecruiser x3  
  140  18:00  Viking x4  
  166  18:13  Marine x2  
  168  18:24  Terran Infantry Weapons Level 2  
  157  19:02  Viking x4  
  165  19:04  Marine x2  
  165  19:05  Marine  
  165  19:06  Refinery  
  165  19:09  Refinery  
  168  19:22  Marine x2  
  152  19:28  Battlecruiser x3  
  164  19:35  Orbital Command  
  164  19:49  Orbital Command  
  164  19:53  Marine x2  
  164  19:54  Marine  
  167  20:04  Refinery  
  167  20:10  Viking x3  
  167  20:11  Viking, Marine x2  
  177  20:17  SCV x2  
  179  20:23  Terran Vehicle And Ship Armor Level 2  
  180  20:38  Battlecruiser  
  180  20:39  Battlecruiser  
  190  21:11  Viking x3  
  184  21:12  Viking  
  184  21:14  Battlecruiser  
  183  21:26  Planetary Fortress  
  183  21:41  Viking x3  
  183  21:42  Viking  
Show
View Real Time Build Order
Export as new Build Order

Kris Zerg 

Build Orders: Hatch First, Brood Lord Corruptor 

Get SALT Encoding   

  12  0:00  Drone  
  13  0:12  Overlord  
  13  0:18  Drone  
  14  0:33  Drone x2  
  16  0:49  Hatchery  
  15  0:52  Drone  
  15  0:56  Drone  
  17  1:00  Drone  
  18  1:11  Extractor  
  17  1:16  Spawning Pool  
  16  1:19  Drone  
  16  1:22  Drone  
  18  1:29  Drone  
  19  1:39  Drone  
  20  1:49  Overlord  
  20  2:03  Queen x2  
  20  2:04  Zergling x4  
  26  2:16  Metabolic Boost  
  26  2:17  Drone x2  
  28  2:27  Overlord  
  28  2:34  Overlord  
  28  2:42  Hatchery  
  27  2:50  Queen  
  29  3:02  Drone x5  
  34  3:09  Overlord  
  34  3:21  Drone x3  
  34  3:26  Queen  
  38  3:38  Drone x6  
  44  3:44  Extractor, Roach Warren  
  44  3:45  Extractor  
  41  3:48  Evolution Chamber  
  41  3:50  Evolution Chamber  
  41  3:55  Queen  
  39  3:59  Drone x2  
  39  4:00  Drone  
  44  4:06  Drone x3  
  44  4:09  Drone  
  48  4:10  Drone  
  48  4:16  Drone x3  
  52  4:18  Drone  
  52  4:23  Extractor  
  52  4:37  Lair  
  52  4:39  Drone x6  
  52  4:41  Overlord  
  57  4:59  Zerg Melee Weapons Level 1  
  57  5:02  Baneling Nest  
  57  5:03  Hatchery  
  55  5:12  Drone x2  
  55  5:13  Drone  
  58  5:24  Zerg Ground Armor Level 1  
  58  5:28  Drone x7  
  59  5:31  Overlord x3  
  65  5:35  Overseer  
  65  5:43  Spire  
  65  5:49  Spore Crawler  
  63  5:50  Spore Crawler  
  63  5:51  Spore Crawler  
  63  5:52  Spore Crawler  
  63  5:53  Spore Crawler x2  
  63  5:55  Spore Crawler  
  63  5:56  Spore Crawler  
  56  6:00  Spore Crawler  
  56  6:01  Spore Crawler  
  56  6:03  Spore Crawler  
  53  6:16  Queen  
  53  6:18  Queen  
  55  6:19  Queen  
  59  6:31  Drone x4  
  63  6:33  Drone x2  
  63  6:34  Drone x4  
  69  6:45  Pneumatized Carapace  
  69  6:52  Centrifugal Hooks  
  69  6:57  Corruptor x3  
  68  7:23  Drone x3  
  68  7:24  Drone x2  
  68  7:26  Drone x4  
  77  7:34  Extractor  
  77  7:35  Zergling x2, Extractor  
  77  7:36  Zergling x16  
  84  7:53  Zerg Melee Weapons Level 2  
  84  7:55  Zerg Ground Armor Level 2  
  84  7:56  Zerg Flyer Weapons Level 1  
  84  8:00  Infestation Pit  
  84  8:01  Corruptor x2  
  87  8:09  Overlord x2  
  87  8:10  Overlord x5  
  85  8:38  Zergling x10  
  85  8:39  Zergling x32  
  104  8:49  Corruptor x3  
  104  8:50  Corruptor  
  111  9:00  Drone x2  
  111  9:01  Drone x2  
  115  9:11  Hive  
  115  9:14  Burrow  
  115  9:16  Drone x2  
  117  9:17  Drone  
  117  9:18  Drone x3  
  117  9:20  Corruptor x2  
  125  9:25  Drone x2  
  127  9:32  Hatchery  
  126  9:43  Overlord x2  
  126  9:44  Overlord  
  126  9:46  Hatchery  
  117  10:05  Overlord x3  
  117  10:06  Overlord x2  
  117  10:13  Drone x7  
  117  10:14  Drone x8  
  132  10:17  Extractor  
  132  10:19  Extractor  
  130  10:28  Zerg Melee Weapons Level 3  
  130  10:29  Zerg Ground Armor Level 3  
  130  10:31  Greater Spire  
  130  10:34  Neural Parasite  
  130  10:39  Drone x3  
  130  10:40  Drone x3  
  130  10:42  Drone x3  
  139  10:50  Hatchery  
  138  10:59  Corruptor x5  
  143  11:14  Hatchery  
  142  11:19  Corruptor x3  
  142  11:23  Hatchery  
  147  11:36  Corruptor x5  
  147  11:37  Corruptor  
  159  11:45  Corruptor x2  
  163  11:56  Zerg Flyer Weapons Level 2  
  163  11:59  Adrenal Glands  
  163  12:01  Ultralisk Cavern  
  162  12:12  Brood Lord x2  
  162  12:14  Brood Lord  
  168  12:21  Brood Lord  
  170  12:25  Zergling x26  
  170  12:26  Zergling x10  
  188  12:43  Brood Lord x3  
  194  12:45  Zergling x12  
  200  13:01  Chitinous Plating  
  200  13:09  Corruptor  
  200  13:10  Corruptor x2  
  180  13:26  Corruptor x3  
  153  13:36  Corruptor x3  
  153  13:40  Drone x6  
  153  13:41  Drone x5  
  169  13:42  Drone x6  
  159  14:08  Corruptor x5  
  159  14:16  Corruptor x3  
  152  14:20  Anabolic Synthesis  
  138  14:26  Corruptor x2  
  138  14:29  Extractor  
  137  14:31  Extractor  
  136  14:45  Corruptor x2  
  130  14:46  Corruptor x2  
  130  14:48  Overlord, Corruptor  
  140  14:57  Corruptor  
  140  14:58  Corruptor  
  144  15:00  Corruptor  
  144  15:02  Corruptor  
  148  15:09  Corruptor  
  148  15:11  Corruptor  
  152  15:14  Corruptor  
  152  15:20  Corruptor  
  156  15:22  Corruptor  
  156  15:24  Corruptor  
  160  15:29  Corruptor  
  160  15:31  Corruptor  
  160  15:34  Overlord  
  164  15:35  Corruptor  
  166  15:42  Corruptor  
  166  15:45  Corruptor  
  166  15:47  Corruptor  
  172  15:55  Zerg Flyer Weapons Level 3  
  172  16:03  Corruptor  
  174  16:05  Corruptor  
  174  16:07  Corruptor  
  174  16:10  Corruptor  
  180  16:14  Corruptor  
  180  16:17  Overlord  
  182  16:21  Queen  
  182  16:22  Queen  
  182  16:23  Queen x2  
  182  16:25  Queen  
  190  16:26  Queen  
  190  16:28  Queen  
  196  16:34  Corruptor  
  171  17:31  Corruptor  
  171  17:32  Corruptor x17  
  159  17:45  Corruptor x5  
  167  17:54  Corruptor x2  
  167  17:58  Zergling x30  
  182  18:19  Corruptor x5  
  184  18:20  Corruptor  
  194  18:28  Extractor x2  
  167  18:52  Drone  
  167  18:53  Drone x24  
  192  18:57  Overlord x6  
  175  19:20  Corruptor x9  
  151  19:32  Zerg Flyer Armor Level 1  
  151  19:38  Extractor  
  150  19:50  Corruptor x2  
  154  19:55  Hatchery  
  153  20:16  Corruptor x5, Hatchery  
  162  20:23  Corruptor  
  162  20:24  Corruptor  
  155  20:39  Zergling x34  
  155  20:40  Zergling x8  
  169  20:58  Zergling x8  
  169  20:59  Zergling x4  
  169  21:02  Drone x6  
  169  21:03  Corruptor x3  
  169  21:04  Corruptor x3  
  169  21:21  Corruptor  
  169  21:22  Corruptor x4  
  178  21:28  Drone x2  
  178  21:29  Drone x5  
  178  21:32  Extractor  
  184  21:33  Extractor  
  181  22:01  Corruptor x4  
  142  22:19  Corruptor x3  
Tags
 
Add a new tag
Caveats
  • Supply blocks, unpowered buildings, or Contaminate may cause inaccurate times.
  • Supply counts are checked every 10 seconds.